Map: Ice and Chrome LE

Players

SortOf - Winner!

  • Race: Zerg Zerg
  • League: Grandmaster
  • Spawn Location: 1:00

MarineLorD

  • Race: Terran Terran
  • League: Master
  • Spawn Location: 7:00

Event: DreamHack SC2 Masters 2020 Fall

VOD

Have the link to the VOD?

Description

Time

  • Played on: Aug. 30, 2020, 2 p.m.
  • Length: 28:21

All games in this series

Show
View Real Time Build Order
Export as new Build Order

SortOf Zerg - Winner!

Build Orders: Hatch First 

Get SALT Encoding   

  12  0:00  Drone  
  13  0:12  Overlord  
  13  0:17  Drone  
  14  0:31  Drone x2  
  16  0:47  Hatchery  
  15  0:50  Drone  
  15  0:54  Drone  
  17  0:58  Drone  
  18  1:12  Extractor  
  18  1:13  Spawning Pool  
  18  1:15  Drone  
  17  1:22  Drone  
  18  1:28  Drone  
  19  1:38  Drone  
  20  1:51  Drone  
  21  2:00  Queen  
  21  2:01  Zergling x2, Overlord  
  24  2:02  Queen  
  26  2:10  Zergling x2  
  26  2:14  Drone  
  28  2:22  Drone x2  
  30  2:23  Metabolic Boost  
  30  2:30  Spore Crawler  
  30  2:34  Drone x2  
  31  2:38  Queen  
  31  2:43  Overlord  
  34  2:45  Drone  
  35  2:53  Drone  
  35  2:58  Roach Warren  
  35  3:00  Drone  
  35  3:04  Drone  
  37  3:08  Drone  
  37  3:11  Drone x3  
  41  3:15  Overlord  
  41  3:23  Drone x2  
  41  3:24  Drone  
  44  3:36  Hatchery, Drone, Extractor  
  44  3:38  Zergling x4  
  44  3:41  Roach  
  47  3:48  Overlord  
  47  3:50  Roach  
  49  4:00  Roach  
  51  4:08  Roach x4  
  59  4:23  Drone x2  
  59  4:24  Drone  
  59  4:29  Overlord  
  59  4:30  Overlord  
  60  4:34  Spore Crawler  
  60  4:35  Evolution Chamber, Queen  
  60  4:38  Evolution Chamber  
  59  4:45  Ravager x2  
  59  4:46  Drone  
  59  4:47  Overlord  
  59  4:48  Drone x2  
  59  4:49  Drone x2  
  59  4:50  Drone  
  59  4:52  Drone x2  
  67  4:53  Ravager  
  67  4:57  Ravager  
  69  5:00  Drone  
  69  5:01  Drone x2  
  69  5:02  Extractor  
  71  5:10  Drone x6  
  71  5:11  Queen  
  79  5:20  Drone x3, Zerg Ground Armor Level 1  
  79  5:24  Drone  
  77  5:28  Drone x6  
  77  5:29  Spore Crawler  
  77  5:32  Spore Crawler  
  77  5:34  Overlord  
  81  5:37  Zerg Missile Weapons Level 1  
  81  5:38  Drone  
  81  5:39  Drone  
  81  5:40  Extractor  
  78  5:45  Lair  
  78  5:48  Drone x2  
  80  5:50  Overlord  
  80  5:52  Drone  
  80  5:55  Extractor x2  
  80  5:56  Drone x5  
  84  6:00  Queen  
  86  6:06  Roach x2  
  86  6:09  Roach x2  
  92  6:14  Drone x2  
  94  6:20  Roach  
  94  6:25  Baneling Nest  
  95  6:27  Queen  
  95  6:31  Hatchery, Roach  
  95  6:36  Queen  
  95  6:39  Drone x6  
  92  6:40  Drone x3  
  92  6:46  Drone x4  
  89  6:50  Drone x2  
  91  6:55  Glial Reconstitution  
  91  6:56  Spire  
  91  7:00  Overlord  
  90  7:04  Overlord  
  90  7:07  Overlord  
  90  7:09  Overlord  
  90  7:17  Spore Crawler  
  90  7:18  Queen  
  90  7:19  Overlord  
  91  7:23  Drone x9  
  91  7:26  Centrifical Hooks  
  91  7:29  Zerg Melee Weapons Level 1  
  100  7:31  Extractor  
  100  7:32  Overseer  
  100  7:33  Roach  
  101  7:40  Roach x2  
  101  7:42  Overlord  
  105  7:45  Zergling x4  
  107  8:02  Spore Crawler  
  106  8:08  Corruptor x2  
  106  8:09  Corruptor x8  
  126  8:14  Corruptor  
  126  8:18  Overlord, Drone x6  
  128  8:25  Queen  
  128  8:26  Queen  
  127  8:29  Roach x2  
  127  8:38  Drone x7  
  127  8:39  Drone  
  131  8:44  Drone x2  
  131  8:45  Drone  
  134  8:50  Zerg Flyer Weapons Level 1  
  134  8:53  Roach x5  
  144  8:57  Ravager  
  144  8:59  Zergling x10  
  150  9:12  Roach  
  150  9:13  Overlord x4  
  150  9:14  Zerg Missile Weapons Level 2  
  152  9:19  Infestation Pit  
  152  9:20  Extractor  
  152  9:23  Overlord  
  150  9:27  Baneling x11  
  150  9:28  Hatchery  
  149  9:33  Zergling x14  
  149  9:35  Ravager x3  
  149  9:37  Ravager x3  
  162  9:43  Roach x4  
  169  9:48  Corruptor  
  169  9:50  Zergling x8  
  169  9:51  Overlord  
  175  9:54  Overlord  
  175  9:55  Zergling x4  
  177  10:00  Overlord  
  177  10:08  Zergling x22  
  188  10:15  Zerg Melee Weapons Level 2  
  188  10:20  Zergling x18  
  186  10:29  Corruptor  
  186  10:30  Corruptor x2  
  185  10:36  Zergling x2  
  185  10:42  Zergling x8  
  186  10:47  Corruptor  
  186  10:48  Corruptor x3  
  181  10:50  Corruptor  
  181  10:55  Drone x6  
  186  11:00  Zergling x6  
  186  11:03  Ravager x9  
  196  11:05  Baneling x2  
  196  11:06  Baneling  
  196  11:15  Zergling x6  
  199  11:23  Corruptor  
  199  11:24  Corruptor x2  
  198  11:31  Zergling x4  
  197  11:32  Baneling  
  197  11:33  Baneling x3  
  197  11:37  Baneling x10  
  195  11:41  Extractor  
  198  11:54  Zergling x14  
  198  12:03  Baneling x5  
  198  12:04  Zergling x2  
  198  12:06  Zerg Ground Armor Level 2  
  197  12:12  Zergling x4  
  194  12:21  Zergling x18  
  199  12:28  Zergling x28  
  199  12:29  Zergling x8  
  199  12:33  Hive, Pathogen Glands  
  199  12:34  Zergling x4  
  194  12:37  Baneling x2  
  194  12:43  Zergling x16  
  194  12:45  Baneling  
  194  12:46  Baneling x13  
  193  12:53  Infestor x4  
  195  12:59  Spine Crawler, Drone x6, Extractor  
  199  13:09  Hatchery  
  199  13:12  Baneling x19  
  198  13:14  Hatchery  
  197  13:21  Baneling x2  
  168  13:48  Zergling x20  
  168  13:49  Zergling x24  
  168  13:55  Zerg Melee Weapons Level 3  
  179  13:56  Greater Spire  
  179  13:57  Zergling x12  
  179  13:58  Zergling x2  
  179  14:05  Zergling x8  
  180  14:12  Overlord  
  180  14:13  Overseer x3  
  180  14:14  Pneumatized Carapace  
  180  14:18  Corruptor x6  
  192  14:27  Baneling  
  192  14:28  Baneling x5  
  192  14:29  Drone  
  189  14:46  Drone x2  
  189  14:50  Zerg Missile Weapons Level 3  
  189  14:51  Hatchery  
  185  14:54  Zergling x30  
  198  15:02  Hatchery  
  198  15:04  Adrenal Glands  
  197  15:11  Zerg Flyer Weapons Level 2  
  191  15:35  Drone x2  
  191  15:36  Drone x2, Extractor x2  
  191  15:37  Drone x3  
  195  15:43  Baneling x3  
  195  15:44  Baneling x4  
  195  15:53  Drone x4  
  190  16:17  Neural Parasite  
  190  16:18  Burrow  
  190  16:19  Infestor x3  
  190  16:20  Infestor  
  198  16:27  Overlord x2  
  198  16:34  Zerg Ground Armor Level 3  
  198  16:48  Hatchery, Baneling x5  
  195  16:58  Zergling x12  
  195  17:00  Baneling x5  
  198  17:16  Zergling x4  
  200  17:27  Zerg Flyer Armor Level 1  
  191  17:34  Roach  
  193  17:43  Ultralisk Cavern  
  192  17:49  Zergling x20  
  186  18:33  Chitinous Plating  
  186  18:39  Spine Crawler  
  186  18:40  Drone x5  
  186  18:41  Drone  
  190  18:51  Extractor  
  190  18:52  Zergling x24, Extractor  
  200  18:59  Drone x2  
  200  19:00  Drone x4  
  175  19:20  Roach x4  
  175  19:21  Roach x3, Zerg Flyer Weapons Level 3  
  175  19:22  Zergling x40  
  175  19:23  Zergling x16, Overseer  
  199  19:24  Overseer  
  199  19:27  Baneling x7  
  199  19:28  Baneling x3  
  199  19:34  Overlord  
  199  19:39  Hatchery, Overlord  
  194  19:48  Ravager x5  
  194  19:52  Anabolic Synthesis  
  182  20:13  Infestor  
  177  20:16  Zergling x2  
  177  20:17  Zergling x44  
  194  20:30  Zergling x12  
  199  20:38  Nydus Network  
  181  20:52  Zergling x18  
  181  20:53  Zergling x18  
  199  20:59  Overseer  
  199  21:05  Extractor  
  199  21:06  Spine Crawler, Spore Crawler  
  199  21:07  Extractor, Baneling x8  
  195  21:20  Spine Crawler x2, Spore Crawler  
  195  21:21  Spore Crawler  
  191  21:26  Spine Crawler  
  191  21:27  Spore Crawler  
  191  21:30  Spine Crawler  
  191  21:31  Spore Crawler x2  
  191  21:32  Spine Crawler  
  181  21:41  Hatchery  
  173  21:49  Drone x3  
  173  21:50  Drone x3  
  172  22:01  Nydus Canal  
  166  22:09  Zergling x18, Ultralisk x4  
  195  22:26  Zergling x16  
  196  22:38  Nydus Canal  
  196  22:42  Drone  
  192  22:44  Roach  
  192  22:45  Roach x3  
  196  22:52  Ravager x2  
  191  23:03  Brood Lord x2  
  191  23:04  Zergling x10  
  199  23:18  Zergling x2  
  194  23:29  Spine Crawler  
  186  23:36  Zergling x26  
  186  23:40  Spine Crawler, Spore Crawler  
  192  23:47  Nydus Canal  
  183  23:50  Zergling x26  
  183  23:54  Drone x3  
  197  24:25  Baneling x5  
  197  24:26  Nydus Canal, Extractor x2  
  197  24:30  Zergling x10  
  177  25:05  Zergling x64  
  177  25:06  Zergling x4  
  156  25:15  Infestor  
  149  25:31  Baneling  
  149  25:32  Baneling x11  
  149  25:42  Roach, Overseer x3  
  126  26:01  Mutalisk x37  
  185  26:15  Ravager x3  
  185  26:16  Zergling x4, Ravager  
  185  26:17  Zergling x10  
  196  26:30  Overseer x4  
  196  26:32  Zergling x6  
  184  26:51  Ultralisk x2  
  184  26:52  Infestor x2  
  199  27:04  Spine Crawler  
  198  27:15  Ultralisk  
  198  27:22  Roach x2  
  197  27:24  Overseer  
  197  27:25  Spine Crawler  
  186  27:47  Zergling x12  
  174  27:58  Overlord x6  
  174  27:59  Overlord x5  
  172  28:09  Nydus Canal  
Show
View Real Time Build Order
Export as new Build Order

MarineLorD Terran 

Build Orders: Gas First Reaper Expand, Hellion Banshee, Mech 

Get SALT Encoding   

  12  0:00  SCV  
  13  0:12  SCV  
  14  0:16  Supply Depot  
  14  0:24  SCV  
  15  0:28  Refinery  
  15  0:38  SCV  
  16  0:43  Barracks  
  16  0:50  SCV  
  17  1:02  SCV  
  18  1:14  SCV  
  19  1:30  Reaper, Orbital Command  
  20  1:41  Command Center  
  20  1:52  Factory  
  20  1:56  SCV  
  21  2:06  Barracks Reactor  
  21  2:09  SCV  
  21  2:13  Supply Depot  
  22  2:21  SCV  
  22  2:25  Refinery  
  22  2:33  SCV  
  23  2:43  Starport  
  23  2:45  SCV  
  23  2:51  Hellion x2, Marine  
  29  2:55  Orbital Command  
  29  2:57  SCV  
  30  3:08  Marine  
  30  3:09  SCV  
  32  3:15  Hellion x2  
  36  3:21  SCV  
  36  3:25  SCV  
  38  3:32  Fusion Core  
  38  3:33  SCV  
  39  3:35  Supply Depot  
  39  3:37  SCV  
  39  3:41  Marine  
  41  3:45  SCV  
  44  3:48  Hellion  
  44  3:49  Hellion  
  46  3:57  SCV  
  46  3:59  Supply Depot  
  47  4:04  SCV  
  47  4:06  Starport Tech Lab  
  47  4:09  SCV  
  50  4:16  SCV, Bunker  
  51  4:21  SCV  
  47  4:24  Banshee, Factory Tech Lab  
  47  4:28  SCV  
  51  4:33  SCV  
  51  4:34  Supply Depot  
  51  4:36  Marine  
  51  4:37  Marine  
  54  4:40  SCV  
  54  4:44  Siege Tank  
  58  4:45  SCV  
  58  4:46  Supply Depot  
  58  4:49  Supply Depot  
  58  4:52  SCV  
  60  4:57  SCV  
  61  5:03  Command Center  
  61  5:04  SCV  
  62  5:10  SCV  
  62  5:12  Battlecruiser  
  69  5:26  Supply Depot  
  69  5:34  Weapon Refit  
  69  5:35  Refinery  
  69  5:37  Refinery  
  69  5:40  Supply Depot  
  69  5:42  Supply Depot  
  69  5:43  Supply Depot  
  69  5:48  SCV  
  70  5:50  Supply Depot  
  70  6:02  SCV x2, Hellion x2  
  76  6:09  Supply Depot  
  76  6:14  SCV x2  
  76  6:18  Orbital Command  
  78  6:19  Battlecruiser  
  84  6:26  SCV x2  
  86  6:38  SCV x2  
  81  6:47  Factory  
  71  6:49  Factory  
  71  6:50  SCV x2  
  71  6:53  Hellion x2  
  77  6:59  Armory x2  
  77  7:02  SCV x2  
  77  7:03  Orbital Command  
  77  7:07  Refinery  
  79  7:09  Refinery  
  79  7:14  SCV x2  
  79  7:15  Hellion x2  
  85  7:24  Engineering Bay  
  85  7:26  SCV x2  
  85  7:29  SCV  
  88  7:32  Factory Tech Lab  
  88  7:35  Battlecruiser, Cyclone  
  99  7:38  SCV x2  
  99  7:42  SCV, Widow Mine x2  
  104  7:48  Terran Vehicle Weapons Level 1  
  104  7:49  Supply Depot x2  
  104  7:50  Terran Vehicle And Ship Armor Level 1  
  104  7:51  SCV x2, Supply Depot  
  106  7:54  SCV  
  106  7:55  Missile Turret  
  106  7:57  Missile Turret x2  
  107  8:03  Cyclone  
  107  8:04  Missile Turret  
  110  8:07  Cyclone, Mag-Field Accelerator  
  110  8:08  SCV x2  
  110  8:11  Hellion  
  110  8:12  SCV  
  118  8:20  SCV  
  118  8:21  SCV  
  118  8:24  SCV, Hellion  
  123  8:33  SCV x2  
  125  8:35  Cyclone  
  125  8:36  SCV  
  125  8:39  Cyclone  
  132  8:43  Factory  
  132  8:45  SCV x2, Factory  
  132  8:47  Command Center  
  134  8:50  Battlecruiser  
  140  9:00  Hellion x2  
  144  9:03  Supply Depot x2  
  144  9:14  Missile Turret  
  144  9:16  Cyclone  
  147  9:20  Supply Depot  
  147  9:21  Supply Depot  
  147  9:24  Cyclone  
  147  9:26  Hellion x2  
  147  9:30  Factory  
  154  9:32  Factory, Factory Tech Lab  
  154  9:33  Factory Reactor  
  154  9:35  Factory  
  154  9:40  Command Center  
  154  9:42  Infernal Pre-Igniter  
  154  9:49  Hellion x2, Cyclone  
  161  9:56  Cyclone  
  164  10:03  Cyclone  
  164  10:05  Supply Depot  
  167  10:12  Terran Vehicle Weapons Level 2  
  167  10:19  Refinery  
  165  10:21  Cyclone, Refinery  
  164  10:35  Hellion, Cyclone  
  167  10:38  SCV x2  
  167  10:42  Hellion x2, Cyclone  
  170  10:44  Hellion  
  158  10:52  Planetary Fortress  
  158  10:53  SCV x2, Cyclone  
  158  10:54  SCV  
  159  11:00  Orbital Command  
  157  11:05  SCV x2  
  157  11:06  SCV  
  157  11:07  Cyclone  
  163  11:14  Cyclone  
  163  11:18  SCV x3  
  169  11:21  Supply Depot  
  165  11:25  Siege Tank  
  165  11:27  Factory Reactor, Factory Tech Lab x2  
  165  11:28  SCV  
  165  11:30  SCV x3  
  168  11:40  SCV  
  168  11:42  SCV x2, Siege Tank  
  168  11:45  Missile Turret x2  
  168  11:46  Siege Tank  
  177  11:48  Siege Tank  
  177  11:50  Terran Vehicle And Ship Armor Level 2  
  180  11:56  SCV x4  
  182  12:04  Supply Depot  
  182  12:12  Missile Turret  
  182  12:13  Supply Depot  
  182  12:15  Siege Tank x3  
  183  12:29  Siege Tank x2  
  183  12:30  Hellion x3  
  187  12:44  SCV x4  
  191  12:55  Terran Vehicle Weapons Level 3  
  191  12:56  SCV, Command Center  
  188  13:10  Sensor Tower  
  188  13:12  Siege Tank x3  
  200  13:14  Hellion  
  200  13:19  Starport Reactor  
  199  13:20  Command Center  
  199  13:21  Sensor Tower  
  199  13:30  Advanced Ballistics  
  160  13:51  Hellion x3  
  160  13:54  Hellion x2  
  152  14:15  Siege Tank x5  
  147  14:26  Orbital Command  
  147  14:31  Command Center  
  153  14:38  Hellion x3  
  153  14:39  Hellion x3  
  156  14:54  Thor  
  156  14:55  Thor x4  
  182  15:00  Hellion x2  
  182  15:06  Planetary Fortress, Missile Turret  
  182  15:14  Terran Vehicle And Ship Armor Level 3  
  182  15:16  Missile Turret  
  182  15:17  Liberator  
  182  15:18  Liberator  
  188  15:24  Hellion x4  
  188  15:27  Barracks, Barracks Tech Lab  
  194  15:28  Ghost Academy  
  194  15:29  Barracks  
  194  15:32  Command Center  
  194  15:33  Terran Ship Weapons Level 1  
  194  15:35  Missile Turret  
  194  15:37  Missile Turret  
  194  15:39  Refinery  
  194  15:41  Refinery  
  194  15:44  Command Center  
  194  16:00  Orbital Command  
  194  16:13  Thor  
  200  16:24  Personal Cloaking  
  200  16:25  Barracks Tech Lab x2  
  200  16:27  Command Center  
  200  16:28  Command Center  
  200  16:40  Ghost Academy  
  200  16:52  Liberator  
  197  17:07  Planetary Fortress  
  197  17:11  Ghost Academy  
  197  17:22  Refinery  
  197  17:23  Ghost, Missile Turret  
  197  17:24  Missile Turret, Refinery  
  197  17:25  Missile Turret  
  197  17:26  Command Center  
  197  17:29  Command Center  
  189  17:31  Ghost x2  
  193  17:45  Terran Ship Weapons Level 2  
  193  17:47  Orbital Command  
  193  17:49  Enhanced Shockwaves  
  193  17:51  Orbital Command x2  
  193  17:52  Ghost  
  193  17:55  Command Center x2  
  193  18:04  Missile Turret x2  
  193  18:13  Missile Turret  
  191  18:24  Ghost x2  
  191  18:26  Missile Turret  
  195  18:29  Missile Turret  
  195  18:34  Missile Turret  
  195  18:46  Orbital Command  
  195  18:47  Command Center  
  195  18:51  Command Center  
  195  18:59  Orbital Command  
  195  19:07  Ghost x3  
  195  19:08  Nuke  
  192  19:10  Nuke x2  
  176  19:22  Thor x4  
  197  19:31  Planetary Fortress  
  197  19:32  Orbital Command  
  193  19:45  Refinery  
  193  19:46  Liberator x2  
  193  19:48  Refinery  
  193  20:02  Missile Turret  
  193  20:05  Missile Turret  
  180  20:27  Missile Turret  
  177  20:28  Siege Tank x4  
  177  20:29  Medivac x2, Orbital Command x2  
  177  20:30  Missile Turret  
  188  20:36  SCV x4  
  188  20:37  SCV  
  183  20:50  Thor  
  189  20:58  Sensor Tower  
  189  20:59  Liberator x2  
  189  21:02  Refinery  
  189  21:04  Sensor Tower  
  195  21:16  Missile Turret  
  195  21:36  Missile Turret  
  186  21:56  Hellbat x4, Siege Tank x2  
  186  22:25  Liberator x2  
  190  22:33  Hellbat x3  
  196  22:48  Nuke  
  196  22:54  Orbital Command  
  195  23:15  Hellbat x2  
  199  23:31  Ghost x2  
  196  23:36  Engineering Bay  
  196  23:40  Orbital Command  
  193  23:41  Orbital Command  
  193  23:45  Orbital Command  
  170  24:18  Orbital Command  
  170  24:38  Hellion x2, Siege Tank x2  
  183  24:39  Hellion x2  
  183  24:41  Armory  
  130  25:08  Hellion x3  
  130  25:10  Siege Tank x2  
  132  25:15  Factory  
  132  25:16  Factory  
  132  25:17  Factory  
  132  25:18  Factory x2  
  132  25:19  Factory  
  132  25:20  Factory  
  120  25:21  Hellion  
  120  25:27  Hellion  
  120  25:29  Hellion x2  
  124  25:42  Hellion, Siege Tank x2  
  120  25:49  Hellion  
  116  25:51  Hellion x2  
  120  25:59  Orbital Command  
  120  26:02  Factory Tech Lab x3  
  120  26:03  Factory Tech Lab  
  120  26:04  Factory Tech Lab x2  
  100  26:14  Siege Tank x2  
  106  26:22  Thor x4, Siege Tank x2  
  106  26:24  Hellion x2  
  106  26:25  Factory Tech Lab x2  
  140  26:29  Hellion x4  
  140  26:33  Nuke  
  140  26:44  Widow Mine x2  
  142  26:49  Engineering Bay  
  142  26:53  Thor  
  142  26:54  Thor  
  139  26:58  Hellion x2  
  124  27:05  Thor x4  
  152  27:13  Hellion  
  145  27:17  Orbital Command  
  128  27:29  Factory x3  
  120  27:30  Missile Turret, Factory  
  120  27:31  Missile Turret  
  120  27:32  Missile Turret x2  
  120  27:35  Hellion  
  85  28:01  Armory  

Tags
 
Add a new tag
Caveats
  • Supply blocks, unpowered buildings, or Contaminate may cause inaccurate times.
  • Supply counts are checked every 10 seconds.